Map: Eternal Empire LE

Players

DisK

  • Race: Protoss Protoss
  • League: Master
  • Spawn Location: 7:00

A.I. 1 (Very Easy) - Winner!

  • Race: Protoss Protoss
  • Spawn Location: 1:00

VOD

Have the link to the VOD?

Description

Time

  • Played on: Aug. 19, 2020, 8:56 p.m.
  • Length: 9:21
Show
View Real Time Build Order
Export as new Build Order

DisK Protoss 

Build Orders: Phoenix Opening, Zealot Archon 

Get SALT Encoding   

  12  0:00  Probe  
  13  0:12  Probe  
  14  0:17  Pylon  
  14  0:24  Probe  
  15  0:36  Probe (Chrono Boost)  
  15  0:37  Gateway  
  16  0:45  Probe (Chrono Boost)  
  16  0:46  Assimilator  
  17  0:50  Probe (Chrono Boost)  
  17  0:55  Assimilator  
  18  1:03  Probe (Chrono Boost)  
  19  1:07  Gateway  
  20  1:12  Probe (Chrono Boost)  
  20  1:17  Probe (Chrono Boost)  
  20  1:24  Cybernetics Core  
  21  1:29  Probe  
  22  1:35  Pylon  
  22  1:41  Probe  
  23  1:53  Probe  
  24  2:00  Stalker  
  28  2:03  Sentry, Warp Gate  
  28  2:07  Probe  
  28  2:08  Pylon  
  29  2:21  Probe  
  30  2:27  Stalker  
  32  2:30  Stalker  
  32  2:33  Phoenix  
  34  2:50  Nexus  
  34  3:02  Probe (Chrono Boost)  
  34  3:04  Sentry  
  37  3:06  Robotics Facility  
  37  3:12  Pylon  
  37  3:15  Probe (Chrono Boost)  
  38  3:23  Probe (Chrono Boost)  
  39  3:29  Probe (Chrono Boost)  
  39  3:32  Shield Battery  
  40  3:35  Forge  
  41  3:41  Probe (Chrono Boost)  
  41  3:48  Probe (Chrono Boost)  
  41  3:51  Sentry  
  41  3:55  Stalker  
  47  3:58  Observer  
  48  4:03  Phoenix  
  48  4:05  Probe x2 (Chrono Boost)  
  49  4:11  Protoss Ground Weapons Level 1 (Chrono Boost)  
  49  4:15  Probe (Chrono Boost)  
  49  4:17  Probe (Chrono Boost)  
  51  4:19  Immortal (Chrono Boost)  
  51  4:23  Probe  
  56  4:26  Probe  
  57  4:35  Probe  
  57  4:36  Pylon  
  57  4:38  Probe  
  59  4:43  Gateway  
  59  4:44  Gateway  
  59  4:51  Twilight Council  
  59  4:54  Assimilator  
  59  4:56  Assimilator  
  59  4:57  Probe  
  59  4:59  Probe  
  61  5:05  Pylon  
  61  5:09  Probe  
  61  5:11  Probe  
  63  5:15  Pylon  
  63  5:21  Probe  
  63  5:23  Probe  
  63  5:27  Templar Archives  
  63  5:28  Charge  
  65  5:33  Probe  
  66  5:36  Gateway  
  66  5:37  Gateway  
  66  5:40  Gateway  
  66  5:44  Gateway  
  66  5:49  Pylon  
  66  5:50  Probe  
  67  6:03  Nexus  
  67  6:06  Pylon  
  67  6:08  Protoss Ground Weapons Level 2 (Chrono Boost)  
  67  6:14  High Templar x2  
  67  6:16  Probe  
  67  6:17  Probe  
  67  6:18  Archon  
  73  6:22  Zealot  
  73  6:23  Zealot  
  77  6:34  High Templar  
  77  6:35  Zealot, High Templar  
  83  6:41  Observer  
  83  6:42  Zealot, Pylon  
  83  6:43  Archon  
  83  6:45  Pylon  
  85  6:48  Warp Prism  
  85  6:50  Probe  
  88  6:54  Zealot  
  88  6:55  Zealot  
  88  7:00  Probe  
  93  7:02  Probe  
  93  7:05  High Templar x2  
  98  7:10  Archon  
  98  7:12  Photon Cannon  
  98  7:14  Photon Cannon  
  98  7:16  Probe  
  98  7:17  Probe  
  98  7:19  Probe  
  101  7:24  Photon Cannon  
  101  7:29  Zealot x2  
  105  7:30  Probe  
  105  7:31  Probe  
  105  7:33  Probe  
  108  7:37  Pylon  
  108  7:45  Pylon  
  108  7:47  Zealot, High Templar x2  
  108  7:48  Assimilator  
  114  7:51  Probe  
  114  7:52  Probe, Archon, Assimilator  
  114  7:53  Probe  
  114  7:56  High Templar  
  114  7:58  High Templar  
  121  8:00  Zealot x2  
  121  8:02  Archon  
  121  8:03  Zealot  
  121  8:04  Probe  
  128  8:12  Zealot  
  130  8:20  Pylon  
  130  8:21  Pylon  
  130  8:29  Zealot x6  
  130  8:30  Zealot  
  144  8:36  Pylon  
  144  8:46  Zealot  
  146  8:50  Nexus  
  146  8:52  Pylon  
  146  8:57  Gateway  
  146  8:58  Gateway  
  146  9:03  Probe x3  
  146  9:07  Robotics Bay  
  149  9:12  Robotics Facility  
  149  9:15  Dark Shrine  
Show
View Real Time Build Order
Export as new Build Order

A.I. 1 (Very Easy) Protoss - Winner!

Build Orders:  

Get SALT Encoding   

  12  0:00  Probe  
  13  0:13  Probe  
  14  0:19  Pylon  
  14  0:36  Assimilator  
  14  0:43  Gateway  
  14  0:46  Pylon  
  14  1:12  Assimilator  
  14  1:23  Probe  
  14  1:29  Zealot  
  14  1:31  Probe  
  17  1:33  Cybernetics Core  
  17  1:39  Probe  
  19  1:50  Probe  
  20  2:00  Probe  
  20  2:08  Probe  
  21  2:09  Warp Gate  
  22  2:44  Stalker  
  24  7:24  Probe  
  24  7:29  Adept  
  27  7:31  Pylon  
  27  7:32  Probe, Robotics Facility  
  27  7:34  Nexus  
  28  7:42  Probe  
  29  7:53  Probe  
  29  8:01  Probe  
  27  8:25  Zealot  
  27  8:26  Pylon  
  25  8:34  Pylon  
  25  8:37  Probe  
Tags
 
Composition
Zealot Archon
League
Master
Matchup
PvP
Player
DisK
Spawn Locations
Cross Positions
Add a new tag
Caveats
  • Supply blocks, unpowered buildings, or Contaminate may cause inaccurate times.
  • Supply counts are checked every 10 seconds.